Construct Section Command Post
Selects Australian Defense Battlegroup
Selects Australian Light Infantry Section
Selects 2-pounder Anti-tank Gun Team
2-pounder Anti-tank Gun Team
Construct Platoon Command Post
Unlock M3 Stuart Light Tanks
Construct Field Infirmary
Selects Vehicle Over Repair
Selects CMP 15cwt Supply Run
Construct Company Command Post
Selects Reinforced Resource Caches
Selects Archer Tank Destroyer